 Dungeon Sprint DCSS version 0.32-a0-791-gfc315c9ecd (webtiles) character file.

Game seed: 5237162682042000211

2032 wilfster70 the Spear-Bearer (level 9, -5/94 HPs)
             Began as a Minotaur Fighter on Mar 20, 2024.
             Was an Initiate of Gozag.
             Slain by a catoblepas (12 damage)
             ... while petrified by a catoblepas
             ... in the Dungeon (Sprint IX: "|||||||||||||||||||||||||||||").
             The game lasted 00:02:19 (341 turns).

wilfster70 the Spear-Bearer (Minotaur Fighter)       Turns: 341, Time: 00:02:20

Health: -5/94      AC: 11    Str: 28    XL:     9   Next: 3%
Magic:  8/8        EV:  2    Int:  5    God:    Gozag
Gold:   675        SH:  0    Dex: 13    Spells: 8/8 levels left

rFire   . . .        a - +0 trident
rCold   . . .        c - +0 buckler
rNeg    + + +        b - +0 scale mail
rPois   ∞            (helmet restricted)
rElec   .            m - +0 cloak
rCorr   .            (no gloves)
SInv    .            (no boots)
Will    .....        (no amulet) Stlth
                     n - +3 ring of dexterity
HPRegen 0.35/turn    o - +3 ring of strength
MPRegen 0.11/turn

%: no teleportation
@: petrified
A: horns 2, retaliatory headbutt
a: Renounce Religion, Potion Petition, Call Merchant, Bribe Branch


You were in the Dungeon.
You worshipped Gozag.
Gozag was pleased with you.
You visited 1 branch You collected 675 gold pieces.

Inventory:

Hand Weapons
 a - a +0 trident (weapon)
Armour
 b - a +0 scale mail (worn)
 c - a +0 buckler (worn)
 m - a +0 cloak (worn)
Jewellery
 n - a +3 ring of dexterity (left hand)
 o - a +3 ring of strength (right hand)
Wands
 l - a wand of acid (9)
Scrolls
 j - 2 scrolls of blinking
 k - 2 scrolls of amnesia
Potions
 e - 5 potions of curing
 g - a potion of haste
 h - 4 potions of magic
 i - a potion of invisibility


   Skills:
 + Level 13.9 Fighting
 - Level 14.0 Polearms
 + Level 13.4 Armour
 - Level 8.0 Shields


You had 8 spell levels left.
You didn't know any spells.
Your spell library was empty.

Dungeon Overview and Level Annotations

Branches:
Dungeon (1/1)

Altars:
Cheibriados
Dithmenos
Elyvilon
Fedhas
Gozag
Hepliaklqana
Kikubaaqudgha
Makhleb
Nemelex Xobeh
Okawaru
Qazlal
Ru
Sif Muna
Trog
Uskayaw
Vehumet
Wu Jian
Xom
Yredelemnul
Zin
The Shining One
Beogh
Jiyva
Lugonu


Innate Abilities, Weirdness & Mutations

You have a pair of horns on your head.
You reflexively headbutt those who attack you in melee.


Message History

Your Fighting skill increases to level 13!
Your Armour skill increases to level 13!
You have reached level 9!
Your experience leads to an increase in your attributes!
Your base attributes are Str 23, Int 5, Dex 10.
Increase (S)trength, (I)ntelligence, or (D)exterity?
You feel stronger. x2
Aiming: Corrosive Bolt
Press: ? - help, Shift-Dir - straight line, f - catoblepas
Aim: a catoblepas (calcifying dust, 100% to hit)
The bolt of acid hits the catoblepas.
The acid corrodes the catoblepas!
The catoblepas is lightly wounded.
The bolt of acid hits the gargoyle but does no damage.
The gargoyle is no longer distracted by gold.
The bolt of acid hits the wraith!
The acid corrodes the wraith!
The wraith is moderately damaged.
The wraith is no longer distracted by gold.
The bolt of acid hits the cyclops!
The acid corrodes the cyclops!
The cyclops is moderately wounded.
The cyclops is no longer distracted by gold.
You are engulfed in calcifying dust.
The catoblepas breathes a plume of calcifying dust at you.
The blast of calcifying dust hits you but does no damage.
Your limbs are stiffening.
You puncture the catoblepas!
The catoblepas is lightly wounded.
You are engulfed in calcifying dust.
The catoblepas barely misses you.
You have turned to stone.
You are engulfed in calcifying dust.
The catoblepas breathes a plume of calcifying dust at you.
The blast of calcifying dust hits you but does no damage.
The catoblepas breathes a plume of calcifying dust at you.
The blast of calcifying dust hits you!
You are engulfed in calcifying dust.
The catoblepas gores you!!
* * * LOW HITPOINT WARNING * * *
You are engulfed in calcifying dust.
The catoblepas gores you!!
* * * LOW HITPOINT WARNING * * *
You are engulfed in calcifying dust.
The catoblepas gores you!!
You die...
Your body crumbles into a pile of gold.

▓'▓
▓)▓
▓.▓
▓§▓
▓.▓
▓.▓
▓.▓
▓§▓
▓@▓
▓Y▓
▓9▓
▓W▓
▓C▓
▓.▓
▓+▓


You could see a catoblepas (corroded), a cyclops (corroded), a wraith (corroded)
and a gargoyle.

Vanquished Creatures
  A centaur warrior (D)
  A two-headed ogre (D)
  A troll (D)
  A vampire (D)
  A yak (D)
  2 acid dragons (D)
  A gnoll sergeant (D)
  A scorpion (D)
  A howler monkey (D)
  A hound (D)
  A jelly (D)
  An orc (D)
  A jackal (D)
  A kobold (D)
  2 ball pythons (D)
  A rat (D)
18 creatures vanquished.

Notes
Turn   | Place    | Note
-------+----------+-------------------------------------------
     0 | D        | wilfster70 the Minotaur Fighter began the quest for the
                  | Orb.
     0 | D        | Reached XP level 1. HP: 19/19 MP: 0/0
     9 | D        | Reached skill level 3 in Polearms
    36 | D        | Noticed a scorpion
    36 | D        | Noticed a howler monkey
    36 | D        | Noticed a jelly
    36 | D        | Noticed a hound
    44 | D        | Killed a scorpion
    45 | D        | Reached skill level 5 in Fighting
    45 | D        | Reached skill level 6 in Polearms
    45 | D        | Reached skill level 5 in Armour
    45 | D        | Reached skill level 5 in Shields
    45 | D        | Reached XP level 2. HP: 29/29 MP: 1/1
    45 | D        | Reached XP level 3. HP: 36/36 MP: 2/2
    49 | D        | Reached skill level 7 in Polearms
    49 | D        | Reached XP level 4. HP: 44/44 MP: 3/3
    56 | D        | Reached skill level 8 in Polearms
    56 | D        | Reached XP level 5. HP: 51/51 MP: 4/4
    73 | D        | Found a roughly hewn altar of Beogh.
    73 | D        | Found a snail-covered altar of Cheibriados.
    73 | D        | Found a shadowy altar of Dithmenos.
    73 | D        | Found a white marble altar of Elyvilon.
    73 | D        | Found a blossoming altar of Fedhas.
    73 | D        | Found an opulent altar of Gozag.
    74 | D        | Found a hazy altar of Hepliaklqana.
    75 | D        | Found a viscous altar of Jiyva.
    76 | D        | Found an ancient bone altar of Kikubaaqudgha.
    77 | D        | Found a corrupted altar of Lugonu.
    78 | D        | Found a burning altar of Makhleb.
    79 | D        | Found a sparkling altar of Nemelex Xobeh.
    80 | D        | Found an iron altar of Okawaru.
    81 | D        | Became a worshipper of Gozag Ym Sagoz the Greedy
    82 | D        | Found a stormy altar of Qazlal.
    83 | D        | Found a sacrificial altar of Ru.
    84 | D        | Found a shimmering blue altar of Sif Muna.
    85 | D        | Found a bloodstained altar of Trog.
    86 | D        | Found a hide-covered altar of Uskayaw.
    87 | D        | Found a radiant altar of Vehumet.
    88 | D        | Found an ornate altar of the Wu Jian Council.
    89 | D        | Found a shimmering altar of Xom.
    90 | D        | Found a basalt altar of Yredelemnul.
    91 | D        | Found a glowing silver altar of Zin.
    92 | D        | Found a glowing golden altar of the Shining One.
   126 | D        | Noticed a yak
   126 | D        | Noticed a troll
   126 | D        | Noticed a vampire
   126 | D        | Noticed an acid dragon
   126 | D        | Noticed an acid dragon
   136 | D        | Killed a yak
   137 | D        | Reached skill level 10 in Polearms
   137 | D        | Reached XP level 6. HP: 36/61 MP: 5/5
   143 | D        | Killed a troll
   144 | D        | Reached skill level 12 in Polearms
   144 | D        | Reached XP level 7. HP: 24/70 MP: 6/6
   155 | D        | Killed a vampire
   156 | D        | Reached skill level 13 in Polearms
   162 | D        | Reached skill level 10 in Fighting
   162 | D        | Reached skill level 10 in Armour
   318 | D        | Noticed a centaur warrior
   318 | D        | Noticed a gargoyle
   318 | D        | Noticed a two-headed ogre
   318 | D        | Noticed a wraith
   318 | D        | Noticed a catoblepas
   318 | D        | Noticed a cyclops
   324 | D        | Killed a centaur warrior
   325 | D        | Reached skill level 14 in Polearms
   325 | D        | Reached XP level 8. HP: 63/85 MP: 7/7
   334 | D        | Killed a two-headed ogre
   335 | D        | Reached XP level 9. HP: 31/94 MP: 8/8
   341 | D        | Slain by a catoblepas

Illustrated notes

Levels and vault maps discovered:
D:        linesprint [early_d, line_temple, items_1, d_10, items_2, lair_1,
          lair_end, items_3, orc_1, orc_end, items_4, d_15, swamp_1, shoals_1,
          snake_1, spider_1, d_20, vaults_1, items_5, swamp_end, shoals_end,
          snake_end, spider_end, vaults_end, d_27, items_6, zot_1, zot_end,
          crypt_end, forest_end, elf_end, slime_end, tomb_end, abyss_end,
          pan_hell_end]

Skill      XL: |  1  2  3  4  5  6  7  8 |
---------------+-------------------------+-----
Polearms       | 6 7 8 10 12 14 | 14.0
Fighting       | 5 6 7 9 12 13 | 13.9
Armour         | 5 6 7 9 12 13 | 13.4
Shields        | 5 6 7 8 |  8.0

Action                     |  1- 3 |  4- 6 |  7- 9 || total
---------------------------+-------+-------+-------++-------
  Melee: Trident           |    21 |    23 |    35 ||    79
         Headbutt          |     1 |     5 |     6 ||    12
  Evoke: Wand              |       |       |     1 ||     1
    Use: Potion            |     1 |     1 |     3 ||     5
 Armour: Scale mail        |    14 |    17 |    34 ||    65
  Dodge: Dodged            |     9 |     7 |     8 ||    24
  Block: Buckler           |     2 |     5 |     6 ||    13

Table legend: (Time is in decaauts)
 A = Elapsed time spent in this place.
 B = Non-inter-level travel time spent in this place.
 C = Inter-level travel time spent in this place.
 D = Time resting spent in this place.
 E = Time spent auto-exploring this place.
 F = Levels seen in this place.
 G = Mean time per level.
                   A        B        C        D        E       F      G
               +--------+--------+--------+--------+--------+-----+--------+
         Total |    338 |    338 |      0 |    148 |     18 |   1 |  338.0 |
       Dungeon |    338 |    338 |      0 |    148 |     18 |   1 |  338.0 |
               +--------+--------+--------+--------+--------+-----+--------+

Top non-repeatable levels by time:
       D: 338 daAuts
